 Dungeon Crawl Stone Soup version 0.20.0-14-g326068f (webtiles) character file.

3539 skittles the Arsonist (level 9, -2/62 HPs)
             Began as a Green Draconian Fire Elementalist on June 8, 2017.
             Was a Priest of Vehumet.
             Slain by an orc warrior
             ... wielding a +1 vampiric glaive
              (18 damage)
             ... on level 8 of the Dungeon.
             The game lasted 00:25:10 (10051 turns).

skittles the Arsonist (DrFE)                       Turns: 10051, Time: 00:25:11

Health: -2/62      AC: 13    Str: 11    XL:     9   Next: 82%
Magic:  13/15      EV: 12    Int: 19    God:    Vehumet [***...]
Gold:   326        SH:  0    Dex: 11    Spells: 0/16 levels left

rFire    + . .     SeeInvis .   s - +3 quarterstaff (chaos)
rCold    x . .     Gourm    .   (shield currently unavailable)
rNeg     . . .     Faith    .   (armour unavailable)
rPois    +         Spirit   .   (helmet restricted)
rElec    .         Reflect  .   r - +0 cloak
rCorr    .         Harm     .   (no gloves)
MR       .....                  C - +0 pair of boots
Stlth    ++........             h - amulet of magic regeneration
Regen    0.2/turn               t - ring of fire
MPRegen  0.3/turn               o - +4 ring of protection

@: flying
A: breathe noxious fumes, unfitting armour, big wings, poison resistance,
cold-blooded, AC +7
a: Breathe Noxious Fumes, Stop Flying, Renounce Religion


You were on level 8 of the Dungeon.
You worshipped Vehumet.
Vehumet was most pleased with you.
You were not hungry.

You visited 2 branches of the dungeon, and saw 9 of its levels.
You also visited: Sewer.

You collected 553 gold pieces.
You spent 227 gold pieces at shops.

Inventory:

Hand Weapons
 s - a +3 quarterstaff of chaos (weapon)
 F - a +0 trident
 G - a cursed -2 falchion
Armour
 r - a +0 cloak (worn)
 C - a +0 pair of boots (worn)
Jewellery
 h - an amulet of magic regeneration (around neck)
 j - an uncursed amulet of rage
 o - a +4 ring of protection (right hand)
 t - a ring of fire (left hand)
 J - an uncursed ring of protection from fire
Wands
 x - a wand of lightning (6/15)
Scrolls
 d - 5 scrolls of amnesia
 f - a scroll of noise {unknown}
 i - 4 scrolls of teleportation
 k - 3 scrolls of fog
 n - 4 scrolls of immolation {unknown}
 p - a scroll of blinking {unknown}
 z - 2 scrolls of recharging {unknown}
 B - 8 scrolls of fear {unknown}
 D - 2 scrolls of magic mapping {unknown}
 H - 2 scrolls of remove curse
 I - a scroll of enchant armour {unknown}
 L - 3 scrolls of brand weapon {unknown}
Potions
 c - 5 potions of brilliance
 e - 2 potions of might
 g - a potion of flight
 m - 3 potions of heal wounds
 u - a potion of mutation
 w - 6 potions of curing
 A - 2 potions of magic
 E - 3 potions of haste {unknown}
 M - a potion of berserk rage {unknown}
Books
 a - a book of Flames

   Spells                             Type                      Level
   a - Flame Tongue                   Conjuration/Fire             1
   b - Throw Flame                    Conjuration/Fire             2
   c - Conjure Flame                  Conjuration/Fire             3
   d - Inner Flame                    Hexes/Fire                   3
   e - Sticky Flame                   Conjuration/Fire             4
   f - Fireball                       Conjuration/Fire             5
 v - a book of Geomancy

   Spells                             Type                      Level
   a - Sandblast                      Earth                        1
   b - Passwall                       Transmutation/Earth          2
   c - Stone Arrow                    Conjuration/Earth            3
   d - Petrify                        Transmutation/Earth          4
   e - Lee's Rapid Deconstruction     Earth                        5
 y - Sif Muna's Catalogue of Cobwebs
   (You found it on level 3 of the Dungeon)

   Spells                             Type                      Level
   a - Apportation                    Translocation                1
Comestibles
 b - 3 bread rations
 l - a royal jelly
 q - 5 meat rations
 K - 4 fruits


   Skills:
 - Level 1.7 Dodging
 - Level 1.7 Stealth
 + Level 4.0 Spellcasting
 - Level 9.6 Conjurations
 - Level 10.1 Fire Magic


You couldn't memorise any spells.
You knew the following spells:

 Your Spells              Type           Power        Failure   Level  Hunger
a - Flame Tongue          Conj/Fire      #####        1%          1    None
b - Conjure Flame         Conj/Fire      ######..     1%          3    ###....
c - Sticky Flame          Conj/Fire      ######..     1%          4    ####...
d - Mephitic Cloud        Conj/Pois/Air  ###.....     3%          3    ###....
e - Fireball              Conj/Fire      ######....   1%          5    ######.


Dungeon Overview and Level Annotations

Branches:
Dungeon (8/15)             Temple (1/1) D:4
   Lair: D:8-11

Altars:
Ashenzari
Cheibriados
Dithmenos
Elyvilon
Gozag
Hepliaklqana
Kikubaaqudgha
Makhleb
Nemelex Xobeh
Qazlal
Ru
Sif Muna
Trog
Vehumet
Xom
Yredelemnul
Zin
The Shining One

Shops:
D:4 *   D:5 *


Innate Abilities, Weirdness & Mutations

You can breathe blasts of noxious fumes.
Your lurid green scales are hard. (AC +7)
You cannot fit into any form of body armour.
Your system is resistant to poisons. (rPois)
You are cold-blooded and may be slowed by cold attacks.
Your large and strong wings let you fly indefinitely.


Message History

The orc warrior is lightly wounded.
The orc warrior is covered in liquid flames!
The orc warrior burns!
A hound comes into view.
The orc warrior burns!
The orc hits you with a flail.
The orc warrior hits you from afar with a vampiric glaive!
The orc warrior draws strength from your wounds!
The crimson imp throws a stone.
The stone hits you but does no damage.
You see here a stone.
The orc warrior burns!
The orc warrior burns!
The orc warrior burns!
The orc warrior stops burning.
You closely miss the orc.
The hound barks!
Your tail-slap misses the orc.
The orc misses you.
The orc warrior hits you from afar with a vampiric glaive!
* * * LOW HITPOINT WARNING * * *
The orc misses you.
The orc warrior hits you from afar with a vampiric glaive!!
You die...

..#. ##.# ....## #h## ......#
#..# #.....##### ##5####### .<
##.........####..##...# ...
#..#.[................###
#..###.# #..>#..o..........#
#......# ###.....oh..........#
##.....###...#..@............#
...........##..#.............#
####....#####.##.............#
......[.(....).#.............#
.###.#(.....).<#.........#####
......######.##.....####
######## .........#
..........# .###########


You could see an orc warrior, a hound, a crimson imp and an orc.

Vanquished Creatures
  The ghost of RudyRod the Shield-Bearer, a novice FoFi (D:4)
  Menkaure (D:5)
  2 water moccasins (D:7)
  Purgy (D:4)
  A sky beast (D:5)
  An ice beast (D:5)
  A black bear (D:8)
  4 ogres
  2 phantoms
  A centaur (D:8)
  A big kobold (D:7)
  9 bullfrogs
  A howler monkey (D:4)
  2 crimson imps
  2 bullfrog zombies
  3 hounds
  2 orc priests (D:5)
  A bullfrog skeleton (D:6)
  3 centaur skeletons
  An iron imp (D:7)
  6 orc wizards
  An iguana (D:6)
  Crazy Yiuf (D:2)
  7 worker ants
  A hound zombie (D:5)
  2 hound skeletons
  A worker ant zombie (D:7)
  2 howler monkey skeletons
  16 adders
  8 river rats
  A shadow imp (D:5)
  3 oozes
  2 adder skeletons
  3 worms
  2 dart slugs
  7 leopard geckos
  34 orcs
  4 giant cockroaches
  11 goblins
  5 hobgoblins
  7 jackals
  3 quokkas
  13 ball pythons
  5 bats
  5 frilled lizards
  12 kobolds
  A leopard gecko skeleton (D:4)
  A leopard gecko zombie (D:3)
  A quokka skeleton (D:6)
  35 rats
240 creatures vanquished.

Notes
Turn   | Place    | Note
-------+----------+-------------------------------------------
     0 | D:1      | skittles the Draconian Fire Elementalist began the quest for the Orb.
     0 | D:1      | Reached XP level 1. HP: 14/14 MP: 3/3
   306 | D:1      | Reached XP level 2. HP: 16/20 MP: 5/5
   963 | D:2      | Reached XP level 3. HP: 9/26 MP: 4/6
  1385 | D:2      | Found a shattered altar of Ashenzari.
  1861 | D:2      | Reached skill level 4 in Fire Magic
  1926 | D:2      | Found a runed door.
  1932 | D:2      | Learned a level 3 spell: Conjure Flame
  1979 | D:2      | Reached XP level 4. HP: 31/33 MP: 7/7
  2799 | D:2      | Noticed Crazy Yiuf
  2815 | D:2      | Killed Crazy Yiuf
  3177 | D:3      | Reached XP level 5. HP: 29/38 MP: 5/8
  3429 | D:3      | Found a sacrificial altar of Ru.
  3543 | D:3      | Found a deep blue altar of Sif Muna.
  3566 | D:3      | Reached skill level 5 in Fire Magic
  3573 | D:3      | Gained mutation: Your system is resistant to poisons. (rPois) [potion of mutation]
  3573 | D:3      | Gained mutation: Your large and strong wings let you fly indefinitely. [potion of mutation]
  3584 | D:3      | Identified Sif Muna's Catalogue of Cobwebs
  3836 | D:3      | Found a shadowy altar of Dithmenos.
  3856 | D:4      | Found Xyij's Assorted Antiques.
  3872 | D:4      | Bought a twisted steel ring for 115 gold pieces
  3901 | D:4      | Reached XP level 6. HP: 37/45 MP: 9/9
  4138 | D:4      | Noticed RudyRod's ghost (novice FoFi)
  4164 | D:4      | Killed RudyRod's ghost
  4164 | D:4      | Reached skill level 5 in Conjurations
  4164 | D:4      | Reached skill level 6 in Fire Magic
  4164 | D:4      | Your scales start taking on a lurid green colour.
  4164 | D:4      | Reached XP level 7. HP: 44/50 MP: 5/10
  4164 | D:4      | Mutation became permanent: Your system is resistant to poisons. (rPois) [Green Draconian growth]
  4164 | D:4      | Gained mutation: Your system is resistant to poisons. (rPois) [Green Draconian growth]
  4323 | D:4      | Noticed Purgy
  4338 | D:4      | Killed Purgy
  5041 | D:4      | Found a staircase to the Ecumenical Temple.
  5191 | Temple   | Entered the Ecumenical Temple
  5244 | Temple   | Became a worshipper of Vehumet
  5370 | D:5      | Entered Level 5 of the Dungeon
  5436 | D:5      | Reached skill level 7 in Fire Magic
  5629 | D:5      | Found a glowing drain.
  5643 | Sewer    | Entered a sewer
  5926 | Sewer    | Reached * piety under Vehumet
  5926 | Sewer    | Offered knowledge of Sandblast by Vehumet.
  5934 | Sewer    | Learned a level 2 spell: Throw Flame
  5939 | Sewer    | Learned a level 4 spell: Sticky Flame
  6119 | Sewer    | Reached XP level 8. HP: 54/57 MP: 3/11
  6366 | D:5      | Offered knowledge of Throw Frost by Vehumet.
  6397 | D:5      | Reached ** piety under Vehumet
  6738 | D:5      | Noticed Menkaure
  6745 | D:5      | Killed Menkaure
  6745 | D:5      | Reached skill level 8 in Fire Magic
  6927 | D:5      | Found Desuts's Assorted Antiques.
  6931 | D:5      | Bought a scroll labeled GURAAG URIRYC for 23 gold pieces
  6931 | D:5      | Bought a scroll of identify for 46 gold pieces
  6931 | D:5      | Bought a glowing purple potion for 20 gold pieces
  6931 | D:5      | Bought a scroll labeled JOMMEY ATUAN for 23 gold pieces
  7034 | D:5      | Found an ancient bone altar of Kikubaaqudgha.
  7158 | D:5      | Found a shimmering altar of Xom.
  7420 | D:5      | Found a stormy altar of Qazlal.
  7442 | D:5      | Reached XP level 9. HP: 62/62 MP: 5/12
  7534 | D:5      | Reached skill level 9 in Fire Magic
  7736 | D:5      | Offered knowledge of Mephitic Cloud by Vehumet.
  7742 | D:5      | Learned a level 3 spell: Mephitic Cloud
  9040 | D:7      | Found a burning altar of Makhleb.
  9126 | D:7      | Reached *** piety under Vehumet
  9776 | D:7      | Learned a level 5 spell: Fireball
  9914 | D:8      | Reached skill level 10 in Fire Magic
 10021 | D:8      | Offered knowledge of Ignite Poison by Vehumet.
 10051 | D:8      | Slain by an orc warrior

Skill      XL: |  1  2  3  4  5  6  7  8  9 |
---------------+----------------------------+-----
Conjurations   | 2 3 4 5 6 8 9 |  9.6
Fire Magic     | 4 5 6 7 8 10 | 10.1
Spellcasting   | 4 |  4.0
Dodging        | |  1.7
Stealth        | |  1.7

Action                   |  1- 3 |  4- 6 |  7- 9 || total
-------------------------+-------+-------+-------++-------
Melee: Unarmed           |     7 |       |       ||     7
       Club              |     7 |       |       ||     7
       Tailslap          |     7 |    12 |    22 ||    41
       Mace              |    69 |    39 |       ||   108
       Quarterstaff      |       |    92 |   299 ||   391
 Cast: Flame Tongue      |    26 |    34 |    96 ||   156
       Conjure Flame     |       |     2 |     1 ||     3
       Throw Flame       |       |       |     8 ||     8
       Sticky Flame      |       |       |    10 ||    10
 Abil: Evoke Berserk Rag |       |     2 |       ||     2
       Fly               |       |     1 |       ||     1
  Use: Scroll            |       |    11 |     4 ||    15
       Potion            |       |     1 |       ||     1
 Stab: Sleeping          |     3 |     4 |     3 ||    10
       Petrified         |       |       |     1 ||     1
       Paralysed         |       |       |     7 ||     7
       Distracted        |       |       |     1 ||     1
       Petrifying        |       |       |     1 ||     1
  Eat: Chunk             |     4 |     7 |    24 ||    35
       Royal jelly       |       |     1 |       ||     1
Armor: Skin              |    32 |    64 |   156 ||   252
Dodge: Dodged            |    67 |   147 |   215 ||   429
